AoeStats
← Sheogorath8053

Arena

508499705Analyzed
2v2 RM · 10d ago on Sep 22, 2026· 44m 5s· 4 players
Game mode
Random Map
Map size
Medium (4 player)
Population
200
Speed
Normal
Resources
Standard
Victory
Conquest
Starting age
Dark Age
Ending age
Imperial Age
RankedLock teamsTeams togetherTeam positionsShared explorationLock speedFull tech treeHidden civsTurbo modeCheats
Victory
Defeat
🇨🇴 Khmer · Colombia
938
+16
🇬🇧 Turks · United Kingdom
916
+48
🇫🇷 Burgundians · France
955
-16
🇫🇷 Japanese · France
939
-17
Erdogan
5:52 Loom
10:59 Feudal Age
16:30 Castle Age
15:03 Double-Bit Axe
23:36 Fletching
25:23 Bodkin Arrow
34:19 Imperial Age
SoundDrake5635
1:30 Loom
12:53 Feudal Age
14:25 Horse Collar
17:14 Wheelbarrow
16:14 Man-at-Arms
18:01 Arson
20:54 Castle Age
21:24 Long Swordsman
24:08 Hand Cart
24:01 Heavy Plow
28:11 Husbandry
28:22 Bloodlines
28:44 Pikeman
35:07 Imperial Age
35:50 Double Crossbow
37:49 Tusk Swords
38:06 Elite Battle Elephant
43:31 Halberdier
Call Me Abso
2:25 Loom
11:23 Feudal Age
12:42 Double-Bit Axe
12:40 Horse Collar
13:50 Bow Saw
13:54 Heavy Plow
17:26 Wheelbarrow
21:16 Castle Age
19:30 Scale Barding Armor
21:53 Hand Cart
22:19 Stone Mining
22:46 Forging
23:01 Chain Barding Armor
26:36 Cavalier
28:22 Two-Man Saw
28:32 Husbandry
29:42 Iron Casting
31:37 Burgundian Vineyards
33:41 Fletching
33:41 Town Watch
38:10 Imperial Age
38:22 Paladin
39:48 Plate Barding Armor
40:14 Blast Furnace
Sheogorath8053
2:05 Loom
3:37 Loom
11:43 Feudal Age
12:41 Double-Bit Axe
12:44 Horse Collar
13:18 Horse Collar
18:55 Castle Age
18:10 Man-at-Arms
24:47 Long Swordsman
25:29 Squires
25:15 Arson
25:36 Squires
24:57 Long Swordsman
26:38 Thumb Ring
27:38 Town Watch
28:31 Wheelbarrow
32:31 Bow Saw
32:28 Heavy Plow
34:15 Hand Cart
36:02 Pikeman
36:07 Elite Skirmisher
36:46 Gambesons
38:37 Gold Mining
39:55 Yasama
43:33 Imperial Age
Connection lost

Rejoining the realm…

Still unreachable

The connection could not be restored.

Session expired

The server has moved on; the page needs a fresh start.